[ AOE2 MATCH · #478732578 ]
UnrankedByzantines vs Gurjaras
[ REPLAY ANALYSIS · EXTRACTED FROM THE RECORDED GAME ]
Feudal
13:25
Castle
17:04
Imperial
—
| APM avg | 27.9 |
| APM peak | 92 |
| eAPM avg | 13.1 |
| Villagers / military | 97 / 20 |
Focus
⚔️ 29.2% · 🌾 70.8%
Spearman ×19 · Mangonel ×1
Feudal
15:04
Castle
19:04
Imperial
40:02
| APM avg | 40.4 |
| APM peak | 78 |
| eAPM avg | 23.2 |
| Villagers / military | 137 / 211 |
Focus
⚔️ 43.0% · 🌾 57.0%
Huskarl ×111 · Spearman ×50 · Cavalry Archer ×33 · Mangonel ×5 · Battering Ram ×4 · Trebuchet (Packed) ×4
Feudal
14:48
Castle
31:18
Imperial
49:55
| APM avg | 27.9 |
| APM peak | 58 |
| eAPM avg | 15.7 |
| Villagers / military | 140 / 109 |
Focus
⚔️ 26.2% · 🌾 73.8%
Camel Scout ×97 · Scout Cavalry ×12
Feudal
13:23
Castle
21:13
Imperial
45:49
| APM avg | 36.1 |
| APM peak | 71 |
| eAPM avg | 18.2 |
| Villagers / military | 157 / 163 |
Focus
⚔️ 26.6% · 🌾 73.4%
Knight ×140 · Scout Cavalry ×10 · Obuch ×5 · Trebuchet (Packed) ×4 · Mangonel ×2 · Scorpion ×1
Feudal
13:06
Castle
17:51
Imperial
43:27
| APM avg | 37.3 |
| APM peak | 83 |
| eAPM avg | 16.8 |
| Villagers / military | 165 / 62 |
Focus
⚔️ 30.2% · 🌾 69.8%
Unknown (1968) ×147 · Unknown (1974) ×63 · Spearman ×59 · Fishing Ship ×13 · Unknown (1942) ×4 · Archer ×3
Feudal
14:53
Castle
22:38
Imperial
47:23
| APM avg | 19.8 |
| APM peak | 48 |
| eAPM avg | 15.1 |
| Villagers / military | 163 / 100 |
Focus
⚔️ 37.8% · 🌾 62.2%
Skirmisher ×77 · Unknown (2550) ×10 · Mangonel ×8 · Spearman ×7 · Archer ×6 · Scorpion ×2
Feudal
14:38
Castle
18:08
Imperial
41:03
| APM avg | 45.3 |
| APM peak | 90 |
| eAPM avg | 26.1 |
| Villagers / military | 182 / 306 |
Focus
⚔️ 38.1% · 🌾 61.9%
Knight ×247 · Spearman ×29 · Scout Cavalry ×25 · Monk ×2 · Scorpion ×2 · Trebuchet (Packed) ×1
Feudal
12:47
Castle
19:42
Imperial
40:29
| APM avg | 35.9 |
| APM peak | 59 |
| eAPM avg | 18.5 |
| Villagers / military | 150 / 189 |
Focus
⚔️ 44.3% · 🌾 55.7%
Cavalry Archer ×173 · Archer ×4 · Scout Cavalry ×4 · Keshik ×3 · Monk ×2 · Trebuchet (Packed) ×2
Match map
Initial resources + every placement click. Lines = walls · curves = elevation contours. ◆ gold · ⬟ stone · ● berries · ✦ relic · ◌ wall gap
Your base· Open — 6t gap
pLAY WitH BOON\'s base· Open — 9t gap
Martin Eden's base· Open — unwalled flank
Morgan Lahaye's base· Open — 7t gap
莫莫's base· Open — unwalled flank
PeterPan's base· Open — 8t gap
mung bean cake's base· Open — unwalled flank
MonkRock's base· Open — 4t gap
Smoothed initial terrain · ◌ = detected wall gap · hover for details
Inputs per minute
— hot - - pLAY WitH BOON\
Build order — hot
First 150 of 183 actions detected
| 0:14 | Build | Town Center |
| 2:24 | Create | Villager (Male) |
| 2:25 | Create | Villager (Male) |
| 2:25 | Create | Villager (Male) |
| 2:25 | Create | Villager (Male) |
| 2:25 | Create | Villager (Male) |
| 2:25 | Create | Villager (Male) |
| 3:20 | Build | House |
| 3:23 | Research | Loom |
| 3:40 | Create | Villager (Male) |
| 3:40 | Create | Villager (Male) |
| 3:41 | Create | Villager (Male) |
| 4:11 | Create | Villager (Male) |
| 4:11 | Create | Villager (Male) |
| 4:12 | Create | Villager (Male) |
| 4:55 | Create | Villager (Male) |
| 4:55 | Create | Villager (Male) |
| 4:58 | Build | House |
| 5:36 | Create | Villager (Male) |
| 5:36 | Create | Villager (Male) |
| 6:21 | Build | House |
| 6:24 | Create | Villager (Male) |
| 6:24 | Create | Villager (Male) |
| 6:51 | Create | Villager (Male) |
| 6:51 | Create | Villager (Male) |
| 7:19 | Create | Villager (Male) |
| 7:20 | Create | Villager (Male) |
| 7:41 | Build | Lumber Camp |
| 7:44 | Create | Villager (Male) |
| 7:44 | Create | Villager (Male) |
| 8:06 | Create | Villager (Male) |
| 8:22 | Create | Villager (Male) |
| 8:39 | Create | Villager (Male) |
| 8:39 | Create | Villager (Male) |
| 8:39 | Create | Villager (Male) |
| 8:48 | Build | House |
| 9:10 | Create | Villager (Male) |
| 9:10 | Create | Villager (Male) |
| 9:49 | Create | Villager (Male) |
| 9:49 | Create | Villager (Male) |
| 10:15 | Create | Villager (Male) |
| 10:15 | Create | Villager (Male) |
| 10:33 | Build | Mill |
| 10:49 | Create | Villager (Male) |
| 11:06 | Build | Mining Camp |
| 11:11 | Research | Feudal Age |
| 13:14 | Create | Villager (Male) |
| 13:14 | Create | Villager (Male) |
| 13:25 | Age | Feudal Age |
| 13:27 | Build | Blacksmith |
| 13:38 | Build | Market |
| 14:24 | Research | Castle Age |
| 14:25 | Research | Castle Age |
| 14:32 | Build | House |
| 14:55 | Build | Lumber Camp |
| 14:59 | Build | House |
| 16:59 | Build | Palisade Wall |
| 17:01 | Build | Palisade Wall |
| 17:04 | Age | Castle Age |
| 17:17 | Research | Double-Bit Axe |
| 17:44 | Research | Bow Saw |
| 18:33 | Build | Town Center |
| 18:39 | Create | Villager (Male) |
| 18:39 | Create | Villager (Male) |
| 19:15 | Create | Villager (Male) |
| 19:53 | Create | Villager (Male) |
| 19:53 | Create | Villager (Male) |
| 20:29 | Create | Villager (Male) |
| 20:30 | Create | Villager (Male) |
| 20:36 | Build | Barracks |
| 20:45 | Build | Farm |
| 20:46 | Create | Villager (Male) |
| 20:52 | Create | Villager (Male) |
| 21:06 | Build | Farm |
| 21:19 | Create | Spearman |
| 21:19 | Create | Spearman |
| 21:38 | Create | Spearman |
| 21:38 | Create | Spearman |
| 21:59 | Build | Farm |
| 22:00 | Build | Farm |
| 22:00 | Build | Farm |
| 22:08 | Create | Villager (Male) |
| 22:08 | Create | Villager (Male) |
| 22:53 | Build | Mining Camp |
| 22:55 | Create | Villager (Male) |
| 23:00 | Research | Scale Mail Armor |
| 23:07 | Research | Pikeman (upgrade) |
| 23:08 | Research | Pikeman (upgrade) |
| 23:15 | Create | Villager (Male) |
| 23:19 | Create | Spearman |
| 23:20 | Create | Spearman |
| 23:20 | Create | Villager (Male) |
| 24:12 | Create | Villager (Male) |
| 24:12 | Create | Villager (Male) |
| 24:28 | Create | Spearman |
| 24:28 | Create | Spearman |
| 24:29 | Create | Villager (Male) |
| 24:30 | Create | Villager (Male) |
| 24:49 | Build | House |
| 25:21 | Create | Spearman |
| 25:21 | Create | Spearman |
| 25:24 | Create | Villager (Male) |
| 25:41 | Create | Villager (Male) |
| 25:41 | Create | Villager (Male) |
| 26:02 | Create | Villager (Male) |
| 26:06 | Build | Farm |
| 26:20 | Create | Spearman |
| 26:20 | Create | Spearman |
| 26:21 | Create | Villager (Male) |
| 26:21 | Create | Villager (Male) |
| 26:23 | Build | House |
| 26:24 | Build | House |
| 26:59 | Create | Villager (Male) |
| 27:02 | Create | Spearman |
| 27:02 | Create | Spearman |
| 27:07 | Create | Villager (Male) |
| 27:08 | Create | Spearman |
| 27:08 | Create | Spearman |
| 27:15 | Create | Villager (Male) |
| 27:29 | Create | Villager (Male) |
| 28:05 | Create | Villager (Male) |
| 28:11 | Create | Villager (Male) |
| 28:12 | Create | Spearman |
| 28:12 | Create | Spearman |
| 28:12 | Create | Spearman |
| 28:52 | Build | Castle |
| 29:24 | Create | Villager (Male) |
| 29:29 | Create | Villager (Male) |
| 30:12 | Build | Mining Camp |
| 30:55 | Build | Castle |
| 31:29 | Build | Palisade Wall |
| 33:21 | Build | Mill |
| 34:06 | Build | Lumber Camp |
| 34:33 | Create | Villager (Male) |
| 35:17 | Build | Castle |
| 36:35 | Build | Lumber Camp |
| 37:30 | Build | Town Center |
| 37:58 | Build | Lumber Camp |
| 38:27 | Create | Villager (Male) |
| 38:27 | Create | Villager (Male) |
| 38:28 | Create | Villager (Male) |
| 38:36 | Research | Fletching |
| 38:37 | Research | Fletching |
| 38:53 | Build | Siege Workshop |
| 39:15 | Build | Lumber Camp |
| 39:27 | Build | Mining Camp |
| 39:45 | Build | Mining Camp |
| 41:42 | Create | Villager (Male) |
| 41:42 | Create | Villager (Male) |
| 41:46 | Create | Mangonel |
Build order — pLAY WitH BOON\
First 150 of 476 actions detected
| 0:29 | Build | Town Center |
| 2:06 | Build | House |
| 2:38 | Create | Villager (Male) |
| 2:38 | Create | Villager (Male) |
| 2:39 | Create | Villager (Male) |
| 2:39 | Create | Villager (Male) |
| 2:39 | Create | Villager (Male) |
| 3:20 | Build | House |
| 3:34 | Build | House |
| 4:14 | Create | Villager (Male) |
| 4:50 | Create | Villager (Male) |
| 4:50 | Create | Villager (Male) |
| 4:50 | Create | Villager (Male) |
| 5:22 | Build | House |
| 5:22 | Create | Villager (Male) |
| 5:23 | Create | Villager (Male) |
| 5:56 | Create | Villager (Male) |
| 6:05 | Create | Villager (Male) |
| 6:06 | Create | Villager (Male) |
| 6:16 | Research | Loom |
| 6:25 | Build | House |
| 6:37 | Build | House |
| 6:50 | Build | House |
| 6:59 | Create | Villager (Male) |
| 6:59 | Create | Villager (Male) |
| 7:29 | Build | House |
| 7:32 | Create | Villager (Male) |
| 7:47 | Build | House |
| 7:50 | Build | House |
| 7:50 | Create | Villager (Male) |
| 7:51 | Create | Villager (Male) |
| 7:56 | Create | Villager (Male) |
| 8:10 | Create | Villager (Male) |
| 8:32 | Build | Mill |
| 9:22 | Create | Villager (Male) |
| 9:27 | Build | Mill |
| 9:58 | Create | Villager (Male) |
| 10:05 | Create | Villager (Male) |
| 10:05 | Create | Villager (Male) |
| 10:13 | Build | Palisade Wall |
| 10:17 | Build | Palisade Wall |
| 10:21 | Create | Villager (Male) |
| 10:27 | Create | Villager (Male) |
| 10:32 | Build | House |
| 10:49 | Build | Farm |
| 10:50 | Build | Farm |
| 11:21 | Build | House |
| 11:24 | Build | Palisade Wall |
| 11:35 | Build | Farm |
| 11:35 | Build | Farm |
| 11:41 | Build | Palisade Wall |
| 11:43 | Build | Palisade Wall |
| 11:44 | Build | Palisade Wall |
| 12:04 | Create | Villager (Male) |
| 12:06 | Build | Mining Camp |
| 12:16 | Build | Palisade Wall |
| 12:20 | Create | Villager (Male) |
| 12:43 | Build | Palisade Wall |
| 12:47 | Research | Feudal Age |
| 12:47 | Research | Feudal Age |
| 12:58 | Build | Palisade Wall |
| 13:06 | Build | Palisade Wall |
| 13:15 | Build | House |
| 13:24 | Build | Farm |
| 13:24 | Build | Farm |
| 13:58 | Build | Barracks |
| 14:10 | Build | Barracks |
| 14:54 | Build | House |
| 15:04 | Age | Feudal Age |
| 15:08 | Build | Archery Range |
| 15:09 | Create | Villager (Male) |
| 15:10 | Create | Villager (Male) |
| 15:27 | Build | House |
| 15:32 | Build | Blacksmith |
| 15:36 | Create | Villager (Male) |
| 15:58 | Build | Lumber Camp |
| 16:16 | Research | Castle Age |
| 16:16 | Research | Castle Age |
| 16:22 | Research | Double-Bit Axe |
| 16:39 | Research | Horse Collar |
| 16:56 | Build | Watch Tower |
| 17:00 | Create | Skirmisher |
| 17:02 | Research | Fletching |
| 17:40 | Research | Padded Archer Armor |
| 17:44 | Build | Farm |
| 17:46 | Build | Farm |
| 17:50 | Build | Farm |
| 17:53 | Build | Farm |
| 17:57 | Build | Archery Range |
| 18:32 | Build | Farm |
| 18:34 | Research | Wheelbarrow |
| 18:34 | Research | Wheelbarrow |
| 18:43 | Research | Gold Mining |
| 19:04 | Age | Castle Age |
| 19:05 | Create | Cavalry Archer |
| 19:05 | Create | Cavalry Archer |
| 19:12 | Create | Cavalry Archer |
| 19:13 | Research | Bodkin Arrow |
| 19:53 | Create | Cavalry Archer |
| 19:53 | Create | Cavalry Archer |
| 20:07 | Create | Villager (Male) |
| 20:17 | Create | Villager (Male) |
| 20:34 | Build | Mining Camp |
| 20:34 | Create | Villager (Male) |
| 20:48 | Create | Cavalry Archer |
| 20:48 | Create | Cavalry Archer |
| 21:01 | Create | Villager (Male) |
| 21:20 | Create | Cavalry Archer |
| 21:21 | Create | Cavalry Archer |
| 21:21 | Create | Cavalry Archer |
| 21:32 | Create | Villager (Male) |
| 21:55 | Create | Villager (Male) |
| 21:57 | Create | Cavalry Archer |
| 21:57 | Create | Cavalry Archer |
| 22:12 | Build | Town Center |
| 22:17 | Create | Cavalry Archer |
| 22:17 | Create | Cavalry Archer |
| 22:17 | Create | Villager (Male) |
| 22:29 | Build | Siege Workshop |
| 22:36 | Create | Villager (Male) |
| 22:51 | Create | Cavalry Archer |
| 23:11 | Build | House |
| 23:39 | Create | Scorpion |
| 23:43 | Create | Villager (Male) |
| 23:43 | Create | Villager (Male) |
| 23:48 | Build | House |
| 23:52 | Build | University |
| 24:17 | Create | Villager (Male) |
| 24:23 | Create | Cavalry Archer |
| 24:23 | Create | Cavalry Archer |
| 24:33 | Research | Bow Saw |
| 24:36 | Create | Villager (Male) |
| 24:54 | Create | Villager (Male) |
| 25:03 | Build | House |
| 25:09 | Create | Cavalry Archer |
| 25:10 | Create | Cavalry Archer |
| 25:14 | Build | House |
| 25:27 | Create | Villager (Male) |
| 25:41 | Create | Battering Ram |
| 25:42 | Create | Villager (Male) |
| 25:42 | Create | Villager (Male) |
| 25:43 | Create | Cavalry Archer |
| 25:44 | Create | Cavalry Archer |
| 26:05 | Research | Ballistics |
| 26:05 | Research | Ballistics |
| 26:15 | Create | Villager (Male) |
| 26:17 | Create | Villager (Male) |
| 26:24 | Create | Cavalry Archer |
| 26:24 | Create | Cavalry Archer |
| 26:26 | Build | House |
Build order — Martin Eden
First 150 of 395 actions detected
| 0:47 | Build | Town Center |
| 1:03 | Build | House |
| 2:53 | Create | Villager (Male) |
| 2:53 | Create | Villager (Male) |
| 2:57 | Create | Villager (Male) |
| 3:19 | Create | Villager (Male) |
| 4:24 | Create | Villager (Male) |
| 4:35 | Create | Villager (Male) |
| 5:30 | Research | Loom |
| 5:41 | Build | House |
| 5:43 | Create | Villager (Male) |
| 5:58 | Create | Villager (Male) |
| 6:31 | Create | Villager (Male) |
| 6:53 | Create | Villager (Male) |
| 7:18 | Create | Villager (Male) |
| 7:38 | Create | Villager (Male) |
| 7:49 | Create | Villager (Male) |
| 8:03 | Build | Lumber Camp |
| 8:17 | Build | House |
| 8:47 | Create | Villager (Male) |
| 9:05 | Create | Villager (Male) |
| 9:22 | Build | Mill |
| 9:36 | Create | Villager (Male) |
| 10:01 | Create | Villager (Male) |
| 10:13 | Build | House |
| 10:28 | Create | Villager (Male) |
| 10:46 | Create | Villager (Male) |
| 11:01 | Create | Villager (Male) |
| 11:43 | Create | Villager (Male) |
| 11:58 | Build | Barracks |
| 12:05 | Create | Villager (Male) |
| 12:19 | Build | House |
| 12:38 | Research | Feudal Age |
| 12:38 | Research | Feudal Age |
| 12:57 | Build | House |
| 13:25 | Create | Villager (Male) |
| 13:41 | Build | House |
| 14:10 | Build | Palisade Gate |
| 14:23 | Create | Villager (Male) |
| 14:29 | Build | Palisade Wall |
| 14:37 | Build | Palisade Wall |
| 14:37 | Build | Palisade Wall |
| 14:38 | Build | Palisade Wall |
| 14:48 | Age | Feudal Age |
| 14:52 | Build | Stable |
| 15:13 | Create | Villager (Male) |
| 15:20 | Build | Palisade Wall |
| 15:24 | Build | Palisade Wall |
| 15:27 | Create | Scout Cavalry |
| 15:34 | Create | Villager (Male) |
| 15:41 | Create | Scout Cavalry |
| 15:41 | Create | Villager (Male) |
| 16:03 | Create | Scout Cavalry |
| 16:03 | Create | Villager (Male) |
| 16:18 | Create | Scout Cavalry |
| 16:55 | Create | Villager (Male) |
| 17:25 | Create | Scout Cavalry |
| 17:25 | Create | Villager (Male) |
| 17:51 | Create | Scout Cavalry |
| 17:54 | Build | Blacksmith |
| 17:55 | Build | Palisade Wall |
| 18:03 | Create | Villager (Male) |
| 18:05 | Create | Scout Cavalry |
| 18:22 | Create | Villager (Male) |
| 18:36 | Build | House |
| 19:00 | Research | Forging |
| 19:05 | Create | Villager (Male) |
| 19:20 | Create | Scout Cavalry |
| 19:22 | Research | Scale Barding Armor |
| 20:07 | Create | Villager (Male) |
| 20:19 | Create | Scout Cavalry |
| 20:32 | Build | House |
| 20:35 | Create | Scout Cavalry |
| 21:16 | Build | Lumber Camp |
| 24:01 | Build | Town Center |
| 24:40 | Create | Villager (Male) |
| 24:48 | Build | House |
| 24:53 | Build | Mining Camp |
| 25:15 | Build | House |
| 25:16 | Build | House |
| 25:35 | Research | Wheelbarrow |
| 25:46 | Create | Villager (Male) |
| 25:53 | Create | Villager (Male) |
| 26:16 | Create | Villager (Male) |
| 26:16 | Create | Villager (Male) |
| 26:26 | Build | House |
| 27:13 | Build | Mill |
| 27:37 | Create | Villager (Male) |
| 27:46 | Build | House |
| 28:02 | Create | Villager (Male) |
| 28:38 | Research | Castle Age |
| 29:07 | Create | Villager (Male) |
| 29:28 | Build | House |
| 29:41 | Build | Farm |
| 29:41 | Build | Farm |
| 29:42 | Build | Farm |
| 29:42 | Build | Farm |
| 29:42 | Build | Farm |
| 29:42 | Build | Farm |
| 29:47 | Research | Horse Collar |
| 30:32 | Create | Villager (Male) |
| 30:33 | Create | Villager (Male) |
| 30:43 | Research | Stone Mining |
| 30:53 | Build | Mill |
| 31:18 | Age | Castle Age |
| 31:25 | Build | Town Center |
| 31:34 | Create | Villager (Male) |
| 31:41 | Research | Bloodlines |
| 31:45 | Research | Husbandry |
| 31:47 | Research | Iron Casting |
| 32:27 | Create | Camel Scout |
| 32:27 | Create | Camel Scout |
| 32:34 | Research | Gold Mining |
| 32:47 | Build | Town Center |
| 32:53 | Create | Villager (Male) |
| 33:14 | Create | Scout Cavalry |
| 33:15 | Create | Villager (Male) |
| 33:40 | Create | Villager (Male) |
| 33:55 | Create | Camel Scout |
| 33:58 | Create | Villager (Male) |
| 33:59 | Create | Villager (Male) |
| 34:05 | Create | Camel Scout |
| 34:22 | Create | Camel Scout |
| 34:30 | Create | Villager (Male) |
| 34:30 | Create | Villager (Male) |
| 34:30 | Create | Villager (Male) |
| 34:31 | Create | Villager (Male) |
| 34:31 | Create | Villager (Male) |
| 34:42 | Create | Villager (Male) |
| 34:49 | Research | Heavy Plow |
| 34:58 | Build | Stable |
| 35:01 | Build | Stable |
| 35:26 | Research | Chain Barding Armor |
| 35:27 | Create | Villager (Male) |
| 35:27 | Create | Villager (Male) |
| 35:27 | Create | Villager (Male) |
| 35:28 | Create | Villager (Male) |
| 35:33 | Create | Villager (Male) |
| 35:33 | Create | Villager (Male) |
| 36:01 | Create | Villager (Male) |
| 36:02 | Create | Villager (Male) |
| 36:04 | Create | Villager (Male) |
| 36:12 | Build | Farm |
| 36:12 | Build | Farm |
| 36:12 | Build | Farm |
| 36:12 | Build | Farm |
| 36:13 | Build | Farm |
| 36:13 | Build | Farm |
| 36:17 | Create | Camel Scout |
| 36:17 | Create | Camel Scout |
Build order — Morgan Lahaye
First 150 of 440 actions detected
| 0:29 | Build | Town Center |
| 0:52 | Build | House |
| 2:42 | Create | Villager (Male) ×4 |
| 4:29 | Create | Villager (Male) |
| 4:30 | Create | Villager (Male) |
| 4:39 | Build | House |
| 4:43 | Research | Loom |
| 4:45 | Create | Villager (Male) |
| 5:16 | Build | House |
| 5:18 | Create | Villager (Male) |
| 5:19 | Create | Villager (Male) |
| 6:05 | Create | Villager (Male) |
| 6:07 | Create | Villager (Male) |
| 6:08 | Create | Villager (Male) |
| 7:11 | Build | Mill |
| 7:27 | Create | Villager (Male) |
| 7:28 | Create | Villager (Male) |
| 7:28 | Create | Villager (Male) |
| 7:57 | Create | Villager (Male) |
| 7:58 | Create | Villager (Male) |
| 8:31 | Create | Villager (Male) |
| 9:07 | Create | Villager (Male) |
| 9:07 | Create | Villager (Male) |
| 9:15 | Build | Barracks |
| 9:31 | Create | Villager (Male) |
| 10:22 | Build | Mining Camp |
| 10:30 | Create | Villager (Male) |
| 11:12 | Research | Feudal Age |
| 12:42 | Build | Mill |
| 12:47 | Create | Villager (Male) |
| 12:53 | Build | House |
| 13:23 | Age | Feudal Age |
| 13:26 | Build | Stable |
| 13:30 | Create | Villager (Male) |
| 13:34 | Research | Wheelbarrow |
| 14:10 | Create | Villager (Male) |
| 14:18 | Create | Scout Cavalry |
| 14:18 | Create | Scout Cavalry |
| 14:28 | Build | Lumber Camp |
| 15:08 | Create | Villager (Male) |
| 15:19 | Create | Scout Cavalry |
| 15:32 | Create | Villager (Male) |
| 15:33 | Create | Villager (Male) |
| 15:51 | Create | Villager (Male) |
| 15:54 | Research | Double-Bit Axe |
| 16:21 | Create | Scout Cavalry |
| 16:26 | Build | Mill |
| 17:09 | Build | Farm |
| 17:10 | Build | Farm |
| 17:11 | Build | Farm |
| 17:13 | Build | Farm |
| 17:18 | Create | Villager (Male) |
| 17:22 | Build | Farm |
| 17:41 | Create | Villager (Male) |
| 17:45 | Build | Farm |
| 17:47 | Build | Farm |
| 17:49 | Build | Farm |
| 18:02 | Build | Blacksmith |
| 18:07 | Create | Villager (Male) |
| 18:26 | Create | Scout Cavalry |
| 18:32 | Research | Castle Age |
| 19:23 | Research | Scale Barding Armor |
| 19:55 | Research | Horse Collar |
| 20:52 | Build | Farm |
| 20:52 | Build | Farm |
| 20:54 | Build | House |
| 20:56 | Build | Farm |
| 20:58 | Build | Farm |
| 21:05 | Create | Villager (Male) |
| 21:05 | Create | Villager (Male) |
| 21:13 | Age | Castle Age |
| 21:13 | Create | Knight |
| 21:14 | Create | Knight |
| 21:39 | Build | Stable |
| 21:43 | Build | Siege Workshop |
| 21:47 | Create | Knight |
| 21:50 | Create | Villager (Male) |
| 21:51 | Research | Bow Saw |
| 21:54 | Research | Gold Mining |
| 22:11 | Build | Mining Camp |
| 22:12 | Create | Villager (Male) |
| 22:31 | Research | Heavy Plow |
| 22:32 | Create | Villager (Male) |
| 22:33 | Create | Villager (Male) |
| 22:43 | Build | House |
| 22:45 | Research | Bloodlines |
| 22:46 | Research | Husbandry |
| 23:01 | Create | Knight |
| 23:05 | Build | House |
| 23:06 | Build | House |
| 23:18 | Create | Villager (Male) |
| 23:32 | Create | Knight |
| 23:35 | Create | Villager (Male) |
| 23:42 | Create | Villager (Male) |
| 23:54 | Create | Villager (Male) |
| 24:07 | Create | Knight |
| 24:07 | Create | Knight |
| 24:25 | Create | Knight |
| 24:26 | Create | Knight |
| 24:26 | Create | Villager (Male) |
| 24:33 | Build | Lumber Camp |
| 25:07 | Create | Villager (Male) |
| 25:08 | Create | Knight |
| 25:09 | Create | Knight |
| 25:18 | Research | Forging |
| 25:22 | Build | Mill |
| 25:43 | Create | Villager (Male) |
| 25:43 | Create | Villager (Male) |
| 26:08 | Build | Town Center |
| 26:20 | Create | Villager (Male) |
| 26:20 | Create | Villager (Male) |
| 26:26 | Research | Light Cavalry (upgrade) |
| 26:28 | Create | Scout Cavalry ×5 |
| 26:30 | Create | Knight ×4 |
| 27:07 | Create | Mangonel |
| 27:18 | Create | Villager (Male) |
| 27:47 | Create | Villager (Male) |
| 27:48 | Create | Villager (Male) |
| 28:12 | Create | Villager (Male) |
| 28:12 | Create | Villager (Male) |
| 28:37 | Create | Knight |
| 28:37 | Create | Knight |
| 28:38 | Create | Villager (Male) |
| 28:39 | Create | Villager (Male) |
| 28:42 | Build | House |
| 28:44 | Build | Town Center |
| 28:47 | Build | House |
| 28:49 | Create | Villager (Male) |
| 29:23 | Create | Knight |
| 29:24 | Create | Knight |
| 29:25 | Create | Villager (Male) |
| 29:26 | Create | Villager (Male) |
| 29:30 | Build | House |
| 29:30 | Build | House |
| 29:31 | Build | House |
| 29:31 | Build | House |
| 29:31 | Build | House |
| 29:31 | Build | House |
| 29:32 | Build | House |
| 29:32 | Build | House |
| 29:32 | Build | House |
| 29:38 | Create | Mangonel |
| 30:03 | Create | Villager (Male) |
| 30:05 | Research | Hand Cart |
| 30:06 | Create | Villager (Male) |
| 30:06 | Create | Villager (Male) |
| 30:17 | Build | Mining Camp |
| 30:27 | Build | Castle |
| 30:34 | Create | Battering Ram |
| 30:36 | Create | Knight |
Build order — 莫莫
First 150 of 405 actions detected
| 0:18 | Build | Town Center |
| 2:17 | Build | House |
| 2:30 | Create | Villager (Male) ×4 |
| 2:31 | Create | Villager (Male) ×4 |
| 3:13 | Research | Loom |
| 3:48 | Create | Villager (Male) |
| 3:48 | Create | Villager (Male) |
| 4:00 | Research | Loom |
| 4:09 | Build | House |
| 4:10 | Build | House |
| 4:49 | Build | Lumber Camp |
| 4:51 | Create | Villager (Male) |
| 4:51 | Create | Villager (Male) |
| 4:52 | Create | Villager (Male) |
| 4:58 | Create | Villager (Male) |
| 4:58 | Create | Villager (Male) |
| 5:45 | Build | House |
| 6:20 | Create | Villager (Male) |
| 6:21 | Create | Villager (Male) |
| 6:21 | Create | Villager (Male) |
| 7:10 | Create | Villager (Male) ×4 |
| 7:10 | Create | Villager (Male) ×4 |
| 7:10 | Create | Villager (Male) ×4 |
| 8:06 | Build | Mill |
| 8:11 | Create | Villager (Male) |
| 8:12 | Create | Villager (Male) |
| 8:50 | Create | Villager (Male) |
| 8:50 | Create | Villager (Male) |
| 8:51 | Create | Villager (Male) |
| 8:51 | Create | Villager (Male) |
| 8:51 | Create | Villager (Male) |
| 9:27 | Build | House |
| 9:39 | Create | Villager (Male) |
| 9:39 | Create | Villager (Male) |
| 9:39 | Create | Villager (Male) |
| 9:41 | Create | Villager (Male) |
| 10:23 | Build | Barracks |
| 10:47 | Research | Feudal Age |
| 11:23 | Build | Mining Camp |
| 12:07 | Build | House |
| 12:32 | Create | Villager (Male) |
| 12:32 | Create | Villager (Male) |
| 12:32 | Create | Villager (Male) |
| 13:04 | Create | Villager (Male) |
| 13:05 | Create | Villager (Male) |
| 13:05 | Create | Villager (Male) |
| 13:06 | Age | Feudal Age |
| 13:08 | Build | Archery Range |
| 13:33 | Create | Spearman |
| 13:49 | Build | Blacksmith |
| 13:58 | Create | Villager (Male) |
| 14:11 | Create | Archer |
| 14:51 | Create | Villager (Male) |
| 14:51 | Create | Villager (Male) |
| 14:58 | Research | Castle Age |
| 15:12 | Create | Archer |
| 15:23 | Research | Gold Mining |
| 15:56 | Build | House |
| 15:59 | Research | Stone Mining |
| 16:16 | Create | Archer |
| 16:47 | Create | Spearman |
| 17:10 | Research | Fletching |
| 17:36 | Create | Villager (Male) |
| 17:40 | Create | Spearman |
| 17:51 | Age | Castle Age |
| 17:52 | Create | Spearman |
| 18:00 | Build | Castle |
| 18:13 | Create | Villager (Male) |
| 18:13 | Create | Villager (Male) |
| 18:35 | Build | House |
| 18:44 | Create | Villager (Male) |
| 18:44 | Create | Villager (Male) |
| 18:45 | Create | Villager (Male) |
| 18:52 | Build | House |
| 19:42 | Create | Unit 1968 ×3 |
| 19:42 | Create | Unit 1968 ×3 |
| 19:53 | Build | Town Center |
| 19:54 | Create | Villager (Male) |
| 19:54 | Create | Villager (Male) |
| 19:55 | Create | Villager (Male) |
| 19:55 | Create | Villager (Male) |
| 19:55 | Create | Villager (Male) |
| 19:58 | Build | Farm |
| 20:23 | Build | Farm |
| 20:43 | Create | Villager (Male) |
| 20:44 | Create | Villager (Male) |
| 20:44 | Create | Villager (Male) |
| 20:55 | Create | Villager (Male) |
| 20:55 | Create | Villager (Male) |
| 20:56 | Create | Villager (Male) |
| 21:02 | Create | Villager (Male) |
| 21:03 | Create | Villager (Male) |
| 21:06 | Create | Unit 1968 ×2 |
| 21:06 | Create | Unit 1968 ×2 |
| 21:47 | Create | Villager (Male) |
| 21:47 | Create | Villager (Male) |
| 21:47 | Create | Villager (Male) |
| 21:48 | Create | Villager (Male) |
| 22:04 | Build | Lumber Camp |
| 22:11 | Create | Unit 1968 ×3 |
| 22:12 | Create | Unit 1968 ×3 |
| 22:13 | Create | Villager (Male) |
| 22:14 | Create | Villager (Male) |
| 22:14 | Create | Villager (Male) |
| 23:05 | Create | Villager (Male) |
| 23:06 | Create | Villager (Male) |
| 23:15 | Build | Farm |
| 23:16 | Build | Farm |
| 23:20 | Create | Villager (Male) |
| 23:21 | Create | Villager (Male) |
| 23:24 | Build | Farm |
| 23:34 | Create | Unit 1968 ×2 |
| 23:34 | Create | Unit 1968 ×2 |
| 23:55 | Build | Farm |
| 24:29 | Create | Villager (Male) |
| 24:31 | Build | Farm |
| 24:48 | Build | Castle |
| 24:52 | Create | Villager (Male) |
| 24:55 | Create | Villager (Male) |
| 24:58 | Create | Unit 1968 ×5 |
| 24:58 | Create | Unit 1968 ×5 |
| 24:59 | Create | Unit 1968 ×3 |
| 25:21 | Build | Dock |
| 25:59 | Create | Unit 1968 ×5 |
| 26:01 | Create | Villager (Male) |
| 26:01 | Create | Villager (Male) |
| 26:23 | Build | Town Center |
| 26:30 | Create | Fishing Ship |
| 26:40 | Create | Villager (Male) |
| 26:43 | Create | Villager (Male) |
| 27:23 | Research | Bodkin Arrow |
| 27:23 | Research | Padded Archer Armor |
| 27:26 | Create | Villager (Male) |
| 27:26 | Create | Villager (Male) |
| 27:29 | Build | Farm |
| 27:30 | Build | Farm |
| 27:30 | Build | Farm |
| 27:30 | Build | Farm |
| 27:38 | Build | Fish Trap |
| 27:49 | Create | Villager (Male) |
| 27:50 | Create | Villager (Male) |
| 27:58 | Build | Farm |
| 27:59 | Build | Farm |
| 28:24 | Research | Padded Archer Armor |
| 28:56 | Build | Market |
| 28:58 | Create | Villager (Male) |
| 28:59 | Create | Villager (Male) |
| 28:59 | Create | Villager (Male) |
| 29:03 | Create | Unit 1968 ×4 |
| 29:03 | Create | Unit 1968 ×4 |
Build order — PeterPan
First 150 of 399 actions detected
| 0:05 | Build | Town Center |
| 0:32 | Build | House |
| 0:37 | Build | House |
| 2:36 | Create | Villager (Male) |
| 2:36 | Create | Villager (Male) |
| 2:37 | Create | Villager (Male) |
| 2:44 | Create | Villager (Male) |
| 4:08 | Create | Villager (Male) |
| 4:12 | Create | Villager (Male) |
| 5:03 | Research | Loom |
| 5:32 | Build | Settlement |
| 5:35 | Create | Villager (Male) |
| 5:51 | Create | Villager (Male) |
| 6:27 | Create | Villager (Male) |
| 6:27 | Create | Villager (Male) |
| 6:28 | Create | Villager (Male) |
| 7:22 | Create | Villager (Male) |
| 8:04 | Create | Villager (Male) |
| 8:28 | Create | Villager (Male) |
| 8:58 | Create | Villager (Male) |
| 9:12 | Build | Settlement |
| 9:22 | Create | Villager (Male) |
| 9:45 | Create | Villager (Male) |
| 10:10 | Create | Villager (Male) |
| 10:32 | Create | Villager (Male) |
| 10:50 | Create | Villager (Male) |
| 11:12 | Create | Villager (Male) |
| 11:15 | Build | House |
| 11:31 | Create | Villager (Male) |
| 11:42 | Create | Villager (Male) |
| 12:28 | Research | Feudal Age |
| 12:42 | Build | Settlement |
| 12:55 | Build | Settlement |
| 14:10 | Build | Barracks |
| 14:51 | Create | Villager (Male) |
| 14:53 | Age | Feudal Age |
| 15:03 | Research | Double-Bit Axe |
| 15:15 | Build | Archery Range |
| 15:23 | Create | Villager (Male) |
| 15:24 | Create | Villager (Male) |
| 15:56 | Create | Archer |
| 16:03 | Build | Archery Range |
| 16:30 | Create | Villager (Male) |
| 16:31 | Create | Villager (Male) |
| 16:35 | Create | Archer |
| 16:50 | Create | Archer |
| 16:55 | Create | Archer |
| 16:58 | Build | Blacksmith |
| 16:59 | Create | Villager (Male) |
| 17:24 | Build | Market |
| 17:31 | Create | Archer |
| 17:48 | Research | Tech 1402 |
| 17:49 | Create | Unit 2550 |
| 17:49 | Create | Unit 2550 |
| 17:50 | Create | Villager (Male) |
| 17:52 | Build | House |
| 17:55 | Build | Barracks |
| 18:16 | Create | Villager (Male) |
| 18:18 | Create | Villager (Male) |
| 18:23 | Build | Settlement |
| 18:35 | Create | Unit 2550 |
| 18:36 | Create | Unit 2550 |
| 18:37 | Create | Villager (Male) |
| 19:01 | Create | Unit 2550 |
| 19:03 | Create | Unit 2550 |
| 19:58 | Research | Castle Age |
| 20:07 | Create | Unit 2550 |
| 20:21 | Research | Fletching |
| 20:39 | Create | Archer |
| 20:42 | Create | Villager (Male) |
| 21:06 | Create | Unit 2550 |
| 21:06 | Create | Unit 2550 |
| 21:16 | Build | Settlement |
| 21:28 | Create | Unit 2550 |
| 21:59 | Research | Scale Mail Armor |
| 22:14 | Create | Skirmisher |
| 22:38 | Age | Castle Age |
| 22:45 | Research | Elite Skirmisher (upgrade) |
| 22:48 | Create | Skirmisher |
| 23:04 | Create | Skirmisher |
| 23:06 | Research | Tech 1351 |
| 23:12 | Create | Villager (Male) |
| 23:18 | Create | Skirmisher |
| 23:33 | Create | Villager (Male) |
| 23:42 | Build | Town Center |
| 23:45 | Create | Villager (Male) |
| 24:02 | Build | Siege Workshop |
| 24:19 | Create | Skirmisher |
| 24:20 | Create | Skirmisher |
| 24:23 | Create | Villager (Male) |
| 24:36 | Research | Padded Archer Armor |
| 24:39 | Create | Skirmisher |
| 24:39 | Create | Skirmisher |
| 25:05 | Build | Settlement |
| 25:12 | Build | House |
| 25:19 | Create | Skirmisher |
| 25:30 | Build | Farm |
| 25:32 | Build | Farm |
| 25:36 | Build | Farm |
| 25:37 | Create | Villager (Male) |
| 25:40 | Build | Farm |
| 26:06 | Create | Villager (Male) |
| 26:21 | Build | Town Center |
| 26:26 | Create | Villager (Male) |
| 26:33 | Create | Villager (Male) |
| 26:36 | Create | Villager (Male) |
| 26:38 | Build | Farm |
| 26:40 | Build | Farm |
| 26:43 | Build | Farm |
| 26:45 | Build | Farm |
| 26:48 | Create | Skirmisher |
| 27:08 | Create | Mangonel |
| 28:09 | Create | Villager (Male) |
| 28:09 | Create | Villager (Male) |
| 28:10 | Create | Villager (Male) |
| 28:10 | Create | Villager (Male) |
| 28:14 | Research | Horse Collar |
| 28:18 | Research | Bow Saw |
| 28:26 | Create | Skirmisher |
| 28:28 | Create | Villager (Male) |
| 28:49 | Create | Mangonel |
| 29:00 | Create | Villager (Male) |
| 29:03 | Create | Villager (Male) |
| 29:11 | Create | Villager (Male) |
| 29:11 | Create | Villager (Male) |
| 29:13 | Create | Skirmisher |
| 29:22 | Build | University |
| 29:24 | Create | Villager (Male) |
| 29:32 | Create | Villager (Male) |
| 29:34 | Create | Skirmisher |
| 29:34 | Create | Skirmisher |
| 29:37 | Build | Farm |
| 29:39 | Build | Farm |
| 29:41 | Build | Farm |
| 29:44 | Build | Farm |
| 29:52 | Create | Villager (Male) |
| 29:53 | Create | Villager (Male) |
| 29:56 | Build | House |
| 29:57 | Build | House |
| 29:59 | Build | House |
| 30:01 | Build | Farm |
| 30:08 | Create | Villager (Male) |
| 30:12 | Build | Farm |
| 30:15 | Build | Farm |
| 30:18 | Create | Villager (Male) |
| 30:27 | Build | House |
| 30:41 | Create | Villager (Male) |
| 30:49 | Create | Skirmisher |
| 31:00 | Create | Skirmisher |
| 31:00 | Create | Skirmisher |
Build order — mung bean cake
First 150 of 563 actions detected
| 0:13 | Build | Town Center |
| 2:31 | Create | Villager (Male) |
| 2:31 | Create | Villager (Male) |
| 2:33 | Build | House |
| 2:33 | Create | Villager (Male) |
| 2:39 | Create | Villager (Male) |
| 2:44 | Build | House |
| 3:45 | Create | Villager (Male) |
| 4:17 | Build | Lumber Camp |
| 4:37 | Create | Villager (Male) |
| 4:38 | Create | Villager (Male) |
| 4:38 | Create | Villager (Male) |
| 5:14 | Build | House |
| 5:26 | Create | Villager (Male) |
| 5:28 | Create | Villager (Male) |
| 5:44 | Build | House |
| 5:59 | Create | Villager (Male) |
| 6:35 | Create | Villager (Male) |
| 6:36 | Create | Villager (Male) |
| 6:48 | Build | House |
| 7:07 | Create | Villager (Male) |
| 7:24 | Create | Villager (Male) |
| 7:25 | Create | Villager (Male) |
| 7:37 | Build | Mill |
| 7:42 | Create | Villager (Male) |
| 7:55 | Create | Villager (Male) |
| 8:02 | Build | Palisade Gate |
| 8:25 | Build | Palisade Wall |
| 8:26 | Create | Villager (Male) |
| 8:34 | Build | House |
| 8:35 | Create | Villager (Male) |
| 8:41 | Create | Villager (Male) |
| 8:54 | Create | Villager (Male) |
| 8:57 | Build | Palisade Wall |
| 8:58 | Create | Villager (Male) |
| 9:14 | Build | House |
| 9:21 | Build | Palisade Wall |
| 9:21 | Build | Palisade Wall |
| 9:33 | Create | Villager (Male) |
| 9:48 | Create | Villager (Male) |
| 9:53 | Create | Villager (Male) |
| 9:55 | Research | Loom |
| 9:59 | Create | Villager (Male) |
| 10:06 | Create | Villager (Male) |
| 10:20 | Build | House |
| 10:26 | Create | Villager (Male) |
| 10:29 | Create | Villager (Male) |
| 10:35 | Build | House |
| 10:44 | Build | House |
| 10:55 | Create | Villager (Male) |
| 11:01 | Create | Villager (Male) |
| 11:09 | Create | Villager (Male) |
| 11:14 | Create | Villager (Male) |
| 11:21 | Build | Mining Camp |
| 11:27 | Create | Villager (Male) |
| 11:38 | Create | Villager (Male) |
| 12:09 | Build | Palisade Wall |
| 12:17 | Research | Feudal Age |
| 12:17 | Research | Feudal Age |
| 13:06 | Build | Barracks |
| 13:16 | Build | House |
| 13:25 | Create | Villager (Male) |
| 13:29 | Build | House |
| 13:40 | Build | House |
| 14:30 | Create | Villager (Male) |
| 14:38 | Age | Feudal Age |
| 14:40 | Build | Stable |
| 14:42 | Build | Blacksmith |
| 15:28 | Research | Castle Age |
| 15:28 | Research | Castle Age |
| 15:32 | Build | House |
| 15:36 | Create | Villager (Male) |
| 15:41 | Research | Scale Barding Armor |
| 15:55 | Research | Double-Bit Axe |
| 15:59 | Research | Horse Collar |
| 15:59 | Research | Horse Collar |
| 16:13 | Build | Farm |
| 16:26 | Create | Villager (Male) |
| 16:38 | Build | House |
| 16:40 | Build | Palisade Wall |
| 16:44 | Build | Palisade Wall |
| 16:45 | Build | Palisade Wall |
| 16:52 | Build | Palisade Wall |
| 16:55 | Build | Palisade Wall |
| 16:58 | Build | Palisade Wall |
| 17:01 | Build | Palisade Wall |
| 17:02 | Create | Villager (Male) |
| 17:23 | Build | Farm |
| 17:26 | Build | Farm |
| 17:28 | Create | Villager (Male) |
| 17:45 | Create | Villager (Male) |
| 17:48 | Create | Spearman |
| 18:07 | Build | Farm |
| 18:08 | Age | Castle Age |
| 18:11 | Build | Farm |
| 18:12 | Create | Knight |
| 18:30 | Research | Chain Barding Armor |
| 18:37 | Build | Farm |
| 18:39 | Build | Farm |
| 19:03 | Create | Villager (Male) |
| 19:06 | Create | Villager (Male) |
| 19:23 | Create | Villager (Male) |
| 19:40 | Build | Town Center |
| 19:48 | Create | Villager (Male) |
| 19:53 | Create | Knight |
| 20:16 | Create | Villager (Male) |
| 20:34 | Create | Villager (Male) |
| 20:47 | Build | Farm |
| 20:50 | Build | Farm |
| 20:52 | Build | Farm |
| 20:53 | Create | Villager (Male) |
| 21:12 | Create | Knight |
| 21:12 | Create | Knight |
| 21:45 | Create | Villager (Male) |
| 21:48 | Create | Knight |
| 21:52 | Create | Villager (Male) |
| 21:52 | Create | Villager (Male) |
| 22:08 | Build | Stable |
| 22:09 | Create | Villager (Male) |
| 22:13 | Build | Farm |
| 22:14 | Create | Villager (Male) |
| 22:23 | Build | Lumber Camp |
| 22:43 | Build | Market |
| 22:52 | Build | Market |
| 22:53 | Create | Villager (Male) |
| 22:54 | Create | Villager (Male) |
| 22:54 | Create | Villager (Male) |
| 22:56 | Create | Villager (Male) |
| 23:04 | Create | Villager (Male) |
| 23:11 | Create | Villager (Male) |
| 23:20 | Research | Bow Saw |
| 23:20 | Create | Villager (Male) |
| 23:32 | Build | Town Center |
| 23:38 | Create | Villager (Male) |
| 23:41 | Build | House |
| 23:42 | Build | House |
| 23:42 | Create | Villager (Male) |
| 23:44 | Build | House |
| 23:45 | Build | House |
| 23:46 | Build | House |
| 23:46 | Create | Villager (Male) |
| 23:50 | Research | Wheelbarrow |
| 23:51 | Research | Town Watch |
| 24:02 | Create | Villager (Male) |
| 24:05 | Build | Mining Camp |
| 24:12 | Create | Villager (Male) |
| 24:12 | Create | Villager (Male) |
| 24:27 | Create | Villager (Male) |
| 24:29 | Create | Villager (Male) |
| 24:41 | Create | Villager (Male) |
Build order — MonkRock
First 150 of 475 actions detected
| 0:07 | Build | Town Center |
| 2:29 | Build | House |
| 2:36 | Create | Villager (Male) |
| 2:36 | Create | Villager (Male) |
| 2:37 | Create | Villager (Male) |
| 2:38 | Create | Villager (Male) |
| 2:38 | Create | Villager (Male) |
| 3:36 | Build | House |
| 3:52 | Create | Villager (Male) |
| 4:31 | Create | Villager (Male) |
| 4:44 | Create | Villager (Male) |
| 4:47 | Build | Lumber Camp |
| 5:08 | Create | Villager (Male) |
| 5:08 | Create | Villager (Male) |
| 5:48 | Create | Villager (Male) |
| 5:54 | Create | Villager (Male) |
| 6:02 | Create | Villager (Male) |
| 6:07 | Build | House |
| 6:18 | Build | House |
| 6:40 | Create | Villager (Male) |
| 7:02 | Create | Villager (Male) |
| 7:56 | Research | Loom |
| 7:57 | Create | Villager (Male) |
| 8:02 | Build | Mill |
| 8:38 | Create | Villager (Male) |
| 8:42 | Create | Villager (Male) |
| 8:45 | Build | House |
| 8:46 | Create | Villager (Male) |
| 9:51 | Create | Villager (Male) |
| 10:33 | Build | Barracks |
| 10:37 | Research | Feudal Age |
| 10:37 | Research | Feudal Age |
| 10:38 | Research | Feudal Age |
| 11:46 | Build | House |
| 11:48 | Build | Palisade Wall |
| 11:57 | Create | Villager (Male) |
| 12:44 | Create | Villager (Male) |
| 12:47 | Age | Feudal Age |
| 12:49 | Build | Stable |
| 12:52 | Create | Villager (Male) |
| 13:10 | Build | Mining Camp |
| 13:19 | Create | Spearman |
| 13:35 | Create | Scout Cavalry |
| 13:35 | Create | Scout Cavalry |
| 13:43 | Create | Scout Cavalry |
| 13:44 | Create | Scout Cavalry |
| 13:46 | Create | Villager (Male) |
| 13:52 | Build | House |
| 14:06 | Create | Villager (Male) |
| 14:26 | Build | Blacksmith |
| 14:31 | Create | Villager (Male) |
| 14:34 | Build | House |
| 14:36 | Build | Palisade Wall |
| 14:37 | Build | Palisade Wall |
| 14:57 | Create | Villager (Male) |
| 15:20 | Create | Villager (Male) |
| 15:45 | Create | Villager (Male) |
| 16:31 | Create | Villager (Male) |
| 17:02 | Research | Castle Age |
| 17:08 | Build | Archery Range |
| 17:10 | Build | Archery Range |
| 17:50 | Build | House |
| 17:51 | Build | Palisade Wall |
| 18:24 | Research | Gold Mining |
| 18:25 | Research | Double-Bit Axe |
| 18:32 | Research | Fletching |
| 19:42 | Age | Castle Age |
| 19:44 | Create | Cavalry Archer |
| 19:44 | Create | Cavalry Archer |
| 19:44 | Create | Cavalry Archer |
| 20:02 | Create | Villager (Male) |
| 20:13 | Build | Town Center |
| 20:16 | Create | Villager (Male) |
| 20:23 | Build | House |
| 20:32 | Create | Cavalry Archer |
| 20:33 | Create | Cavalry Archer |
| 20:34 | Create | Villager (Male) |
| 21:00 | Create | Villager (Male) |
| 21:22 | Create | Cavalry Archer |
| 21:22 | Create | Cavalry Archer |
| 21:23 | Create | Villager (Male) |
| 21:25 | Create | Cavalry Archer |
| 21:26 | Create | Cavalry Archer |
| 21:44 | Research | Bodkin Arrow |
| 22:09 | Create | Cavalry Archer |
| 22:09 | Create | Cavalry Archer |
| 22:12 | Build | House |
| 22:13 | Build | House |
| 22:30 | Create | Cavalry Archer |
| 22:30 | Create | Cavalry Archer |
| 22:31 | Create | Villager (Male) |
| 22:32 | Create | Villager (Male) |
| 22:36 | Create | Villager (Male) |
| 22:45 | Create | Villager (Male) |
| 22:47 | Build | University |
| 22:48 | Build | House |
| 23:02 | Create | Villager (Male) |
| 23:07 | Create | Cavalry Archer |
| 23:07 | Create | Cavalry Archer |
| 23:29 | Create | Cavalry Archer |
| 23:29 | Create | Cavalry Archer |
| 23:30 | Create | Villager (Male) |
| 23:50 | Create | Villager (Male) |
| 23:58 | Create | Villager (Male) |
| 23:59 | Create | Cavalry Archer |
| 23:59 | Create | Cavalry Archer |
| 24:07 | Build | Mill |
| 24:28 | Create | Cavalry Archer |
| 24:28 | Create | Cavalry Archer |
| 24:28 | Create | Villager (Male) |
| 24:29 | Create | Villager (Male) |
| 24:33 | Build | Farm |
| 24:34 | Build | Farm |
| 24:36 | Build | Farm |
| 24:45 | Create | Cavalry Archer |
| 24:45 | Create | Cavalry Archer |
| 24:47 | Create | Villager (Male) |
| 25:32 | Build | Town Center |
| 25:37 | Create | Villager (Male) |
| 25:45 | Research | Padded Archer Armor |
| 25:58 | Create | Cavalry Archer |
| 25:58 | Create | Cavalry Archer |
| 26:00 | Create | Villager (Male) |
| 26:05 | Create | Villager (Male) |
| 26:08 | Build | House |
| 26:09 | Build | House |
| 26:26 | Research | Leather Archer Armor |
| 26:36 | Create | Villager (Male) |
| 26:36 | Create | Villager (Male) |
| 26:36 | Create | Villager (Male) |
| 26:55 | Create | Villager (Male) |
| 26:56 | Create | Villager (Male) |
| 27:07 | Research | Ballistics |
| 27:09 | Create | Villager (Male) |
| 27:09 | Create | Villager (Male) |
| 27:12 | Create | Villager (Male) |
| 27:31 | Create | Cavalry Archer |
| 27:31 | Create | Cavalry Archer |
| 27:31 | Create | Cavalry Archer |
| 27:48 | Create | Cavalry Archer |
| 27:48 | Create | Cavalry Archer |
| 27:55 | Create | Villager (Male) |
| 27:58 | Create | Villager (Male) |
| 28:15 | Create | Cavalry Archer |
| 28:15 | Create | Cavalry Archer |
| 28:38 | Create | Villager (Male) |
| 28:39 | Create | Villager (Male) |
| 28:39 | Create | Villager (Male) |
| 28:41 | Build | Archery Range |
| 29:06 | Build | House |
Match timeline
| 8:25 | mung bean cake · wall_segment Palisade Wall x5 |
| 8:57 | mung bean cake · wall_segment Palisade Wall x3 |
| 9:15 | Morgan Lahaye · first_building Barracks |
| 9:21 | mung bean cake · wall_segment Palisade Wall x1 |
| 9:21 | mung bean cake · wall_segment Palisade Wall x1 |
| 10:13 | pLAY WitH BOON\ · wall_segment Palisade Wall x1 |
| 10:17 | pLAY WitH BOON\ · wall_segment Palisade Wall x1 |
| 10:23 | 莫莫 · first_building Barracks |
| 10:33 | MonkRock · first_building Barracks |
| 11:24 | pLAY WitH BOON\ · wall_segment Palisade Wall x1 |
| 11:41 | pLAY WitH BOON\ · wall_segment Palisade Wall x1 |
| 11:43 | pLAY WitH BOON\ · wall_segment Palisade Wall x1 |
| 11:44 | pLAY WitH BOON\ · wall_segment Palisade Wall x1 |
| 11:48 | MonkRock · wall_segment Palisade Wall x1 |
| 11:58 | Martin Eden · first_building Barracks |
| 12:09 | mung bean cake · wall_segment Palisade Wall x2 |
| 12:16 | pLAY WitH BOON\ · wall_segment Palisade Wall x1 |
| 12:43 | pLAY WitH BOON\ · wall_segment Palisade Wall x1 |
| 12:47 | MonkRock · age_up feudal |
| 12:49 | MonkRock · first_building Stable |
| 12:58 | pLAY WitH BOON\ · wall_segment Palisade Wall x1 |
| 13:06 | 莫莫 · age_up feudal |
| 13:06 | pLAY WitH BOON\ · wall_segment Palisade Wall x1 |
| 13:06 | mung bean cake · first_building Barracks |
| 13:08 | 莫莫 · first_building Archery Range |
| 13:23 | Morgan Lahaye · age_up feudal |
| 13:25 | hot · age_up feudal |
| 13:26 | Morgan Lahaye · first_building Stable |
| 13:58 | pLAY WitH BOON\ · first_building Barracks |
| 14:10 | PeterPan · first_building Barracks |
| 14:29 | Martin Eden · wall_segment Palisade Wall x3 |
| 14:36 | MonkRock · wall_segment Palisade Wall x3 |
| 14:37 | Martin Eden · wall_segment Palisade Wall x1 |
| 14:37 | MonkRock · wall_segment Palisade Wall x3 |
| 14:37 | Martin Eden · wall_segment Palisade Wall x1 |
| 14:38 | mung bean cake · age_up feudal |
| 14:38 | Martin Eden · wall_segment Palisade Wall x1 |
| 14:40 | mung bean cake · first_building Stable |
| 14:48 | Martin Eden · age_up feudal |
| 14:52 | Martin Eden · first_building Stable |
| 14:53 | PeterPan · age_up feudal |
| 15:04 | pLAY WitH BOON\ · age_up feudal |
| 15:08 | pLAY WitH BOON\ · first_building Archery Range |
| 15:15 | PeterPan · first_building Archery Range |
| 15:20 | Martin Eden · wall_segment Palisade Wall x1 |
| 15:24 | Martin Eden · wall_segment Palisade Wall x1 |
| 16:40 | mung bean cake · wall_segment Palisade Wall x1 |
| 16:44 | mung bean cake · wall_segment Palisade Wall x1 |
| 16:45 | mung bean cake · wall_segment Palisade Wall x1 |
| 16:52 | mung bean cake · wall_segment Palisade Wall x1 |
| 16:55 | mung bean cake · wall_segment Palisade Wall x1 |
| 16:58 | mung bean cake · wall_segment Palisade Wall x1 |
| 16:59 | hot · wall_segment Palisade Wall x1 |
| 17:01 | mung bean cake · wall_segment Palisade Wall x1 |
| 17:01 | hot · wall_segment Palisade Wall x1 |
| 17:04 | hot · age_up castle |
| 17:08 | MonkRock · first_building Archery Range |
| 17:51 | 莫莫 · age_up castle |
| 17:51 | MonkRock · wall_segment Palisade Wall x1 |
| 17:55 | Martin Eden · wall_segment Palisade Wall x3 |
| 18:00 | 莫莫 · first_building Castle |
| 18:08 | mung bean cake · age_up castle |
| 19:04 | pLAY WitH BOON\ · age_up castle |
| 19:16 | PeterPan · first_market_sell 100 wood |
| 19:18 | PeterPan · first_market_buy 100 food |
| 19:42 | MonkRock · age_up castle |
| 20:36 | hot · first_building Barracks |
| 21:13 | Morgan Lahaye · age_up castle |
| 21:43 | Morgan Lahaye · first_building Siege Workshop |
| 22:29 | pLAY WitH BOON\ · first_building Siege Workshop |
| 22:38 | PeterPan · age_up castle |
| 23:05 | hot · first_market_buy 100 food |
| 23:57 | mung bean cake · first_market_sell 100 wood |
| 24:02 | PeterPan · first_building Siege Workshop |
| 25:21 | 莫莫 · first_building Dock |
| 28:24 | pLAY WitH BOON\ · first_building Stable |
| 28:52 | hot · first_building Castle |
| 30:27 | Morgan Lahaye · first_building Castle |
| 30:42 | hot · first_market_sell 100 wood |
| 30:50 | 莫莫 · first_market_buy 100 food |
| 31:00 | Morgan Lahaye · wall_segment Stone Wall x33 |
| 31:18 | Martin Eden · age_up castle |
| 31:29 | hot · wall_segment Palisade Wall x1 |
| 31:37 | pLAY WitH BOON\ · first_building Monastery |
| 32:21 | MonkRock · first_market_sell 100 wood |
| 32:22 | MonkRock · first_market_buy 100 stone |
| 32:30 | mung bean cake · first_building Monastery |
| 33:42 | mung bean cake · first_building Castle |
| 34:32 | pLAY WitH BOON\ · first_building Castle |
| 34:43 | PeterPan · first_building Castle |
| 34:52 | Morgan Lahaye · wall_segment Stone Wall x22 |
| 36:04 | MonkRock · first_building Monastery |
| 36:38 | pLAY WitH BOON\ · first_market_sell 500 food |
| 38:06 | MonkRock · first_building Castle |
| 38:18 | Morgan Lahaye · first_market_sell 100 wood |
| 38:19 | Morgan Lahaye · first_market_buy 100 food |
| 38:39 | Morgan Lahaye · wall_segment Stone Wall x12 |
| 38:53 | hot · first_building Siege Workshop |
| 39:19 | mung bean cake · first_building Siege Workshop |
| 40:02 | pLAY WitH BOON\ · age_up imperial |
| 40:29 | MonkRock · age_up imperial |
| 41:03 | mung bean cake · age_up imperial |
| 41:05 | mung bean cake · wall_segment Stone Wall x54 |
| 42:21 | pLAY WitH BOON\ · first_market_buy 100 food |
| 43:19 | Morgan Lahaye · wall_segment Stone Wall x3 |
| 43:27 | 莫莫 · age_up imperial |
| 43:29 | Morgan Lahaye · wall_segment Stone Wall x2 |
| 43:34 | Morgan Lahaye · wall_segment Stone Wall x8 |
| 43:38 | 莫莫 · first_building Siege Workshop |
| 44:05 | mung bean cake · first_market_buy 100 food |
| 44:33 | mung bean cake · wall_segment Stone Wall x11 |
| 44:44 | Martin Eden · first_building Castle |
| 44:53 | Martin Eden · first_building Monastery |
| 45:49 | Morgan Lahaye · age_up imperial |
| 47:23 | PeterPan · age_up imperial |
| 47:58 | Morgan Lahaye · wall_segment Stone Wall x6 |
| 48:58 | 莫莫 · first_market_sell 500 food |
| 49:55 | Martin Eden · age_up imperial |
| 50:54 | Morgan Lahaye · wall_segment Stone Wall x4 |
| 50:56 | Morgan Lahaye · wall_segment Stone Wall x3 |
| 50:57 | Morgan Lahaye · wall_segment Stone Wall x5 |
| 52:07 | mung bean cake · wall_segment Stone Wall x4 |
| 52:25 | MonkRock · resign |
[ AI ANALYSIS · 1 CREDIT ]
What really happened in this match?
Wolo.gg analyzes every decision: build order, eco, micro, common mistakes by bracket. Personalized analysis on WhatsApp or Discord in 30 seconds.
Civ guide
Byzantines
Perfil
Jugador #291759